AoeStats
← LazerLoki

Arabia

507373576Analyzed
1v1 RM · 1mo ago on Sep 17, 2026· 32m 59s· 2 players
Game mode
Random Map
Map size
Tiny (2 player)
Population
200
Speed
Normal
Resources
Standard
Victory
Conquest
Starting age
Dark Age
Ending age
Imperial Age
RankedLock teamsTeams togetherTeam positionsShared explorationLock speedFull tech treeHidden civsTurbo modeCheats
Victory
Defeat
🇨🇳 Turks · China
971
+15
vs
🇩🇪 Maya · Germany
955
-15
LazerLoki
0:26 Loom
9:24 Feudal Age
10:23 Double-Bit Axe
18:43 Fletching
19:04 Forging
26:19 Castle Age
26:33 Scale Mail Armor
27:14 Bodkin Arrow
27:36 Chain Mail Armor
27:57 Iron Casting
27:24 Padded Archer Armor
27:37 Crossbowman
28:17 Pikeman
30:04 Padded Archer Armor
008
9:28 Feudal Age
9:35 Man-at-Arms
23:06 Castle Age
22:48 Forging
22:41 Scale Mail Armor
24:34 Husbandry
25:02 Scale Barding Armor
30:19 Imperial Age
Connection lost

Rejoining the realm…

Still unreachable

The connection could not be restored.

Session expired

The server has moved on; the page needs a fresh start.